 Dungeon Crawl Stone Soup version 0.30-a0-743-gbfdf073431 (webtiles) character file.

Game seed: 1906712905371263881

339 DeathSun the Conjurer (level 6, -5/34 (53) HPs)
             Began as a Gnoll Wanderer on Feb 8, 2023.
             Slain by Eustachio
             ... wielding a +0 mace
              (6 damage)
             ... on level 4 of the Dungeon.
             The game lasted 00:07:40 (3993 turns).

DeathSun the Conjurer (Gnoll Wanderer)              Turns: 3993, Time: 00:07:40

HP:   -5/34 (53)    AC:  3    Str: 12    XL:     6   Next: 55%
MP:   10/11         EV: 11    Int: 12    God:
Gold: 149           SH:  0    Dex: 12    Spells: 11/12 levels left

rFire   . . .      SeeInvis .    a - +0 quarterstaff
rCold   . . .      Faith    .    (shield currently unavailable)
rNeg    . . .      Spirit   .    z - +0 leather armour
rPois   .          Reflect  .    (no helmet)
rElec   .          Harm     .    (no cloak)
rCorr   .          Rampage  .    (no gloves)
Will    .....                    (no boots)
Stlth   ++                       (no amulet)
HPRegen 0.25/turn                (no ring)
MPRegen 0.12/turn                (no ring)

@: very heavily drained
A: fangs 1, strong nose, distributed training
a: no special abilities


You were on level 4 of the Dungeon.
You visited 1 branch of the dungeon, and saw 4 of its levels.

You collected 149 gold pieces.

Inventory:

Hand Weapons
 a - a +0 quarterstaff (weapon)
Missiles
 A - 3 datura-tipped darts (quivered)
Armour
 b - a +0 scale mail
 z - a +0 leather armour (worn)
Magical Staves
 s - a staff of poison
Jewellery
 f - a ring of flight
 i - a ring of resist corrosion
 j - a +4 ring of protection
Scrolls
 e - a scroll of vulnerability {unknown}
 g - 2 scrolls of identify {unknown}
 h - 2 scrolls of fear {unknown}
 k - 3 scrolls of fog {unknown}
 o - a scroll of enchant armour {unknown}
 r - a scroll of acquirement {unknown}
 t - a scroll of teleportation {unknown}
 y - a scroll of silence {unknown}
 B - a scroll of magic mapping {unknown}
Potions
 c - 2 potions of heal wounds
 d - 2 potions of degeneration {unknown}
 l - a potion of haste {unknown}
 m - 2 potions of curing {unknown}
 n - 3 potions of mutation {unknown}
 p - a potion of cancellation {unknown}
 q - 2 potions of might {unknown}
 u - a potion of berserk rage {unknown}
 v - a potion of brilliance {unknown}
 w - a potion of flight {unknown}
 x - a potion of lignification {unknown}


   Skills:
 + Level 6.9 Fighting
 + Level 2.1 Short Blades
 + Level 2.1 Long Blades
 + Level 2.1 Axes
 + Level 2.1 Maces & Flails
 + Level 2.1 Polearms
 + Level 3.3 Staves
 + Level 2.1 Ranged Weapons
 + Level 2.1 Throwing
 + Level 3.3 Armour
 + Level 2.1 Dodging
 + Level 2.1 Stealth
 + Level 2.1 Shields
 + Level 2.1 Unarmed Combat
 + Level 3.5 Spellcasting
 + Level 7.3 Conjurations
 + Level 1.6 Hexes
 + Level 1.6 Summonings
 + Level 1.6 Necromancy
 + Level 1.6 Translocations
 + Level 1.6 Transmutations
 + Level 1.6 Fire Magic
 + Level 1.6 Ice Magic
 + Level 1.6 Air Magic
 + Level 1.6 Earth Magic
 + Level 1.6 Poison Magic
 + Level 2.3 Invocations
 + Level 2.1 Evocations


You had 11 spell levels left.
You knew the following spells:

 Your Spells              Type           Power      Damage    Failure   Level
a - Kiss of Death         Conj/Necr      48%        2d9       4%          1

Your spell library contained the following spells:

 Spells                   Type           Power      Damage    Failure   Level
 Momentum Strike          Conj/Tloc      24%        3d8       7%          2
 Sticky Flame             Conj/Fire      12%        2d4       43%         4


Dungeon Overview and Level Annotations

Branches:
Dungeon (4/15)
 Temple: D:4-7

Altars:
Nemelex Xobeh
Uskayaw
Vehumet
Wu Jian
Xom

Shops:
D:3 [

Annotations:
D:2 1 runed translucent door, Crazy Yiuf
D:4 Eustachio, Menkaure


Innate Abilities, Weirdness & Mutations

You have very sharp teeth.
Your uncanny sense of smell can sniff out nearby items.
Your experience applies equally to all skills.


Message History

You sock the endoplasm!
You kill the endoplasm!
Eustachio mumbles some strange words.
Eustachio blinks!
You hit the goblin.
You kill the goblin!
Eustachio closely misses you.
You sock Eustachio! You bite Eustachio, but do no damage.
Eustachio is lightly wounded.
Eustachio gestures wildly while chanting.
Casting: Kiss of Death (safe; 4% risk of failure)
Confirm with . or Enter, or press ? or * to list all spells.
Aiming: Kiss of Death (safe; 4% risk of failure)
Press: ? - help, Shift-Dir - straight line, f - Eustachio
Aim: Eustachio, wielding a +0 mace and wearing a +0 leather armour (lightly wounded, 100% to hit)
The negative energy hits Eustachio!
Eustachio is drained!
Eustachio is heavily wounded.
You feel drained.
Eustachio gestures wildly while chanting.
Eustachio blinks!
You miss the quokka. The quokka misses you. The quokka bites you.
Eustachio gestures wildly while chanting.
The quokka twitches its whiskers.
The quokka barely misses you.
You closely miss Eustachio. You bite Eustachio, but do no damage.
Eustachio is heavily wounded.
The quokka bites you. Eustachio hits you with a +0 mace.
The white imp barely misses you. The quokka bites you.
You sock Eustachio!
Eustachio is severely wounded.
Eustachio barely misses you. The iron imp hits you. The quokka misses you.
The white imp hits you. The white imp freezes you. Eustachio barely misses you.
You sock Eustachio!
Eustachio is almost dead.
The quokka barely misses you. The iron imp hits you!
The white imp gestures at you. The puff of frost hits you!
* * * LOW HITPOINT WARNING * * *
Eustachio hits you with a +0 mace.
You die...

#...#.########g##.........##.####
........M.g......................
.g........#######..........#.####
.(@....#### ####...#.#.#.#
....... #...#.#.#.# .......
#..[#.#.#.# #...#.. ##.##.#.#.#
.J.(J..# ######.##...#.# ##
....#....#######@5.##.######.. ..
.# ##.........)5r@.# ##
#...##.#####r..#. ##.# ##.##. #.
#.##.# . #.##.# ## #.##.#
#.##.### #......#####


You could see Eustachio (drained), an iron imp (summoned), a white imp
(summoned) and 2 quokkas.

Vanquished Creatures
  A scorpion (D:3)
  A hound (D:4)
  An orc priest (D:3)
  3 orc wizards
  A gnoll (D:4)
  4 adders
  2 worms (D:2)
  3 dart slugs
  12 orcs
  5 bats
  4 endoplasms
  7 giant cockroaches
  7 goblins
  9 hobgoblins
  3 jackals (D:3)
  4 ball pythons
  4 frilled lizards
  6 kobolds
  2 rats (D:2)
79 creatures vanquished.

Notes
Turn   | Place    | Note
-------+----------+-------------------------------------------
     0 | D:1      | DeathSun the Gnoll Wanderer began the quest for the Orb.
     0 | D:1      | DeathSun set off with the following items: a +0
                  | quarterstaff, a +0 scale mail, a potion of heal wounds; and
                  | the following spell memorised: Kiss of Death; and the
                  | following spells available to memorise: Momentum Strike,
                  | Sticky Flame.
     0 | D:1      | Reached XP level 1. HP: 23/23 MP: 4/4
   247 | D:1      | Reached XP level 2. HP: 29/29 MP: 5/5
   424 | D:1      | Reached XP level 3. HP: 25/35 MP: 7/7
   759 | D:2      | Reached skill level 1 in Invocations
  1096 | D:2      | Reached skill level 1 in Short Blades
  1096 | D:2      | Reached skill level 1 in Long Blades
  1096 | D:2      | Reached skill level 1 in Axes
  1096 | D:2      | Reached skill level 1 in Maces & Flails
  1096 | D:2      | Reached skill level 1 in Polearms
  1096 | D:2      | Reached skill level 1 in Ranged Weapons
  1096 | D:2      | Reached skill level 1 in Throwing
  1096 | D:2      | Reached skill level 1 in Dodging
  1096 | D:2      | Reached skill level 1 in Stealth
  1096 | D:2      | Reached skill level 1 in Shields
  1096 | D:2      | Reached skill level 1 in Unarmed Combat
  1096 | D:2      | Reached skill level 1 in Evocations
  1288 | D:2      | Reached XP level 4. HP: 35/41 MP: 8/8
  1334 | D:2      | Found a runed translucent door.
  1335 | D:2      | Noticed Crazy Yiuf
  1997 | D:3      | Found Vonutoexod's Antique Armour Emporium.
  2043 | D:3      | Reached skill level 1 in Hexes
  2043 | D:3      | Reached skill level 1 in Summonings
  2043 | D:3      | Reached skill level 1 in Necromancy
  2043 | D:3      | Reached skill level 1 in Translocations
  2043 | D:3      | Reached skill level 1 in Transmutations
  2043 | D:3      | Reached skill level 1 in Fire Magic
  2043 | D:3      | Reached skill level 1 in Ice Magic
  2043 | D:3      | Reached skill level 1 in Air Magic
  2043 | D:3      | Reached skill level 1 in Earth Magic
  2043 | D:3      | Reached skill level 1 in Poison Magic
  2229 | D:3      | Found a hide-covered altar of Uskayaw.
  2232 | D:3      | Noticed a +0 hand axe
  2233 | D:3      | Noticed a +0 hand axe
  2265 | D:3      | Reached XP level 5. HP: 23/47 MP: 9/9
  2704 | D:3      | Found a sparkling altar of Nemelex Xobeh.
  3243 | D:4      | Reached XP level 6. HP: 51/51 MP: 11/11
  3305 | D:4      | Noticed Menkaure
  3794 | D:4      | Found a radiant altar of Vehumet.
  3800 | D:4      | Found an ornate altar of the Wu Jian Council.
  3804 | D:4      | Found a shimmering altar of Xom.
  3909 | D:4      | Noticed Eustachio
  3993 | D:4      | HP: 1/34 [white imp/puff of frost[Eustachio] (10)]
  3993 | D:4      | Slain by Eustachio

Illustrated notes

Levels and vault maps discovered:
D:1:      dpeg_arrival_castle, layout_loops_cross, corner_web_ring
D:2:      layout_basic, uniq_crazy_yiuf_cottage
D:3:      layout_basic, nemelex_diamond_rough_becter, dancing_weapons_uskayaw,
          serial_shops, shop
D:4:      layout_loops_ring, minitemple, uniq_eustachio, uniq_menkaure,
          uniq_edmund

Skill      XL: |  1  2  3  4  5  6 |
---------------+-------------------+-----
Invocations    | 1 2 |  2.3
Short Blades   | 1 2 |  2.1
Long Blades    | 1 2 |  2.1
Axes           | 1 2 |  2.1
Maces & Flails | 1 2 |  2.1
Polearms       | 1 2 |  2.1
Ranged Weapons | 1 2 |  2.1
Throwing       | 1 2 |  2.1
Dodging        | 1 2 |  2.1
Stealth        | 1 2 |  2.1
Shields        | 1 2 |  2.1
Unarmed Combat | 1 2 |  2.1
Evocations     | 1 2 |  2.1
Spellcasting   | 3 |  3.5
Hexes          | 1 |  1.6
Summonings     | 1 |  1.6
Necromancy     | 1 |  1.6
Translocations | 1 |  1.6
Transmutations | 1 |  1.6
Fire Magic     | 1 |  1.6
Ice Magic      | 1 |  1.6
Air Magic      | 1 |  1.6
Earth Magic    | 1 |  1.6
Poison Magic   | 1 |  1.6
Staves         | 3 |  3.3
Armour         | 3 |  3.3
Fighting       | |  6.9
Conjurations   | |  7.3

Action                     |  1- 3 |  4- 6 || total
---------------------------+-------+-------++-------
  Melee: Quarterstaff      |    97 |   170 ||   267
         Bite              |     9 |    14 ||    23
   Cast: Kiss of Death     |       |     4 ||     4
 Armour: Scale mail        |    45 |    63 ||   108
         Leather armour    |       |     9 ||     9
  Dodge: Dodged            |    52 |    85 ||   137

Table legend: (Time is in decaauts)
 A = Elapsed time spent in this place.
 B = Non-inter-level travel time spent in this place.
 C = Inter-level travel time spent in this place.
 D = Time resting spent in this place.
 E = Time spent auto-exploring this place.
 F = Levels seen in this place.
 G = Mean time per level.
                   A        B        C        D        E       F      G
               +--------+--------+--------+--------+--------+-----+--------+
         Total |   4040 |   3886 |    154 |      0 |   3079 |   4 | 1010.0 |
       Dungeon |   4040 |   3886 |    154 |      0 |   3079 |   4 | 1010.0 |
               +--------+--------+--------+--------+--------+-----+--------+

Top non-repeatable levels by time:
     D:3: 1498 daAuts
     D:2: 1120 daAuts
     D:1: 728 daAuts
     D:4: 692 daAuts
